 Dungeon Crawl Stone Soup version 0.23-a0-389-g4a5eb334b0 (webtiles) character file.

494 Notair the Basher (level 6, 0/84 HPs)
             Began as a Minotaur Gladiator on Oct 30, 2018.
             Slain by a bullfrog (5 damage)
             ... in a sewer.
             The game lasted 00:06:53 (3048 turns).

Notair the Basher (Minotaur Gladiator)              Turns: 3048, Time: 00:06:54

Health: 0/84       AC:  5    Str: 23    XL:     6   Next: 92%
Magic:  5/5        EV:  9    Int:  7    God:
Gold:   163        SH:  0    Dex: 12    Spells: 5/5 levels left

rFire    . . .     SeeInvis .   a - +0 flail
rCold    . . .     Gourm    .   (no shield)
rNeg     . . .     Faith    .   w - +0 ring mail
rPois    .         Spirit   .   c - +0 hat
rElec    .         Reflect  .   (no cloak)
rCorr    .         Harm     .   (no gloves)
MR       .....                  (no boots)
Stlth    ..........             (no amulet)
HPRegen  0.24/turn              (no ring)
MPRegen  0.09/turn              (no ring)

@: berserking, lethally poisoned (0 -> -5), flying, constricted, very quick
A: retaliatory headbutt, horns 2
a: no special abilities


You were in a sewer.
You were not hungry.

You visited 1 branch of the dungeon, and saw 4 of its levels.
You also visited: Sewer.

You collected 163 gold pieces.

Inventory:

Hand Weapons
 a - a +0 flail (weapon)
Missiles
 d - 3 throwing nets
 h - 32 sling bullets
 i - 24 poisoned needles
 t - 7 javelins of returning (quivered)
Armour
 b - a +0 leather armour
 c - a +0 hat (worn)
 w - a +0 ring mail (worn)
Wands
 y - a wand of flame (10)
Scrolls
 g - 2 scrolls of identify {unknown}
 j - 3 scrolls of fear {unknown}
 n - 3 scrolls of teleportation {unknown}
 o - 3 scrolls of magic mapping {unknown}
 p - a scroll of amnesia {unknown}
 q - a scroll of remove curse {unknown}
 x - a scroll of random uselessness {unknown}
 C - a scroll of fog {unknown}
Potions
 e - 2 potions of flight
 k - a potion of agility {unknown}
 l - a potion of invisibility {unknown}
 m - a potion of berserk rage
 r - a potion of curing {unknown}
 s - a potion of cancellation {unknown}
 u - 3 potions of magic {unknown}
 z - a potion of mutation {unknown}
 A - a potion of resistance {unknown}
 B - 2 potions of brilliance {unknown}
Comestibles
 f - 5 rations
 v - a chunk of flesh


   Skills:
 + Level 5.5 Fighting
 * Level 8.0 Maces & Flails
 - Level 2.0 Throwing
 - Level 3.2 Dodging


You had 5 spell levels left.
You didn't know any spells.
Your spell library was empty.

Dungeon Overview and Level Annotations

Branches:
Dungeon (3/15)

Altars:
Gozag
Nemelex Xobeh
Ru


Innate Abilities, Weirdness & Mutations

You reflexively headbutt those who attack you in melee.
You have a pair of horns on your head.


Message History

You kill the adder!
You feel sick. The bullfrog closely misses you.
The adder bites you but does no damage.
You barely miss the adder. Your headbutt misses the adder.
The adder is lightly wounded.
The ball python bites you but does no damage.
The ball python constricts you. The bullfrog barely misses you.
You sock the adder! Your headbutt misses the adder.
The adder is almost dead.
The adder bites you but does no damage. The ball python bites you.
* * * LOW HITPOINT WARNING * * *
The ball python constricts you. The bullfrog closely misses you.
You barely miss the adder. Your headbutt misses the adder.
The adder is almost dead.
You feel sick. The adder bites you.
* * * LOW HITPOINT WARNING * * *
You are lethally poisoned!
The adder poisons you! The ball python closely misses you.
The ball python constricts you. The bullfrog hits you.
You die...

......##'##......##
.....###..##......#
.≈≈≈## #..###....##
≈≈≈≈†# #####≈≈≈≈≈≈#
≈≈≈†≈# #≈≈≈≈≈≈#
≈≈††≈# #≈≈≈≈≈≈#
≈≈≈≈†# #≈≈≈≈≈≈#
≈≈≈≈≈# #≈≈≈≈≈≈#
..†≈≈# #≈≈≈†@≈#
≈..≈≈# #≈≈≈SFS#
...≈≈# #≈≈≈≈††#
≈≈≈≈≈# #≈≈≈≈.≈#
≈≈≈≈≈# #≈≈≈≈≈≈#
≈≈≈≈≈# #≈≈≈≈#≈#
≈≈≈≈≈# #≈≈≈≈≈≈#
≈≈≈≈≈# #≈≈≈≈≈≈#
≈≈≈≈≈# #≈≈≈≈ ≈#


You could see a bullfrog, an adder and a ball python.

Vanquished Creatures
  A bullfrog (Sewer)
  2 orc wizards (D:3)
  2 orc priests (D:3)
  Ijyb (D:3)
  3 gnolls (D:3)
  10 adders
  9 river rats
  4 worms
  3 leopard geckos
  An orc (D:3)
  3 giant cockroaches
  4 goblins
  6 hobgoblins
  6 kobolds
  3 quokkas
  11 ball pythons (Sewer)
  4 bats
  6 frilled lizards
  28 rats
107 creatures vanquished.

Notes
Turn   | Place    | Note
-------+----------+-------------------------------------------
     0 | D:1      | Notair the Minotaur Gladiator began the quest for the Orb.
     0 | D:1      | Reached XP level 1. HP: 18/18 MP: 0/0
   350 | D:1      | Reached skill level 4 in Maces & Flails
   430 | D:1      | Reached XP level 2. HP: 24/25 MP: 1/1
  1141 | D:2      | Found a sparkling altar of Nemelex Xobeh.
  1170 | D:2      | Reached XP level 3. HP: 28/31 MP: 2/2
  1634 | D:2      | Reached skill level 5 in Maces & Flails
  2046 | D:3      | Reached XP level 4. HP: 34/40 MP: 3/3
  2079 | D:3      | Noticed Ijyb
  2089 | D:3      | Killed Ijyb
  2102 | D:3      | Reached skill level 6 in Maces & Flails
  2102 | D:3      | Reached XP level 5. HP: 38/46 MP: 4/4
  2314 | D:3      | Found a sacrificial altar of Ru.
  2320 | D:3      | Found an opulent altar of Gozag.
  2352 | D:3      | You fall through a shaft!
  2394 | D:4      | Reached skill level 7 in Maces & Flails
  2406 | D:4      | Reached XP level 6. HP: 37/53 MP: 5/5
  2457 | D:4      | Found a glowing drain.
  2466 | Sewer    | Entered a sewer
  2664 | Sewer    | Reached skill level 5 in Fighting
  3036 | Sewer    | Reached skill level 8 in Maces & Flails
  3048 | Sewer    | Slain by a bullfrog

Vault maps used:
D:1:      giann_wishing_wells
D:2:      nemelex_lonely_heart_becter
D:3:      nicolae_gozag_zags_fifth_avenue, lemuel_doored_altar, first_ration,
          minmay_misc_feat_hallway, uniq_ijyb
D:4:      eat_drink_and_be_merry_uskayaw, lemuel_coloured_pillars_altar,
          led_sif_pool, lightli_sewer_entry_pipes, gammafunk_ghost_grave
Sewer:    sewer_minmay_w

Skill      XL: |  1  2  3  4  5  6 |
---------------+-------------------+-----
Maces & Flails | 4 5 6 7 8 |  8.0
Fighting       | 3 4 5 |  5.5
Throwing       | |  2.0
Dodging        | |  3.2

Action                   |  1- 3 |  4- 6 || total
-------------------------+-------+-------++-------
Melee: Flail             |    89 |   155 ||   244
       Headbutt          |    14 |    14 ||    28
Throw: Javelin           |       |     6 ||     6
  Use: Potion            |       |     2 ||     2
 Stab: Sleeping          |     1 |       ||     1
  Eat: Chunk             |     3 |     4 ||     7
Armor: Leather armour    |    16 |       ||    16
       Ring mail         |       |    81 ||    81
Dodge: Dodged            |    55 |   190 ||   245

Table legend:
 A = Non-vault XP
 B = Vault XP
 C = Vault XP percentage of total XP
 D = Non-vault monster count
 E = Vault monster count
 F = Vault count percentage of total count
                 A         B        C        D         E       F
            +---------+---------+-------+---------+---------+-------
      Total |     309 |     398 |  56.3 |      48 |      59 |  55.1
            +---------+---------+-------+---------+---------+-------
        D:1 |      18 |       0 |   0.0 |      10 |       0 |   0.0
        D:2 |      56 |       0 |   0.0 |      18 |       0 |   0.0
        D:3 |     234 |      38 |  14.0 |      19 |       1 |   5.0
        D:4 |       1 |     106 |  99.1 |       1 |      13 |  92.9
      Sewer |       0 |     254 | 100.0 |       0 |      45 | 100.0
            +---------+---------+-------+---------+---------+-------
